[ AOE2 MATCH · #506118126 ]
UnrankedSpanish vs Ethiopians
Player's team · LOSS
[ REPLAY ANALYSIS · EXTRACTED FROM THE RECORDED GAME ]
Feudal
11:29
Castle
15:52
Imperial
—
| APM avg | 49.9 |
| APM peak | 115 |
| eAPM avg | 17.9 |
| Villagers / military | 39 / 26 |
Focus
⚔️ 18.0% · 🌾 82.0%
Conquistador ×19 · Mangonel ×3 · Scorpion ×2 · Missionary ×2
Feudal
9:06
Castle
22:29
Imperial
32:24
| APM avg | 78.1 |
| APM peak | 140 |
| eAPM avg | 28.6 |
| Villagers / military | 89 / 35 |
Focus
⚔️ 23.7% · 🌾 76.3%
Archer ×34 · Spearman ×1
Match map
Initial resources + every placement click. Lines = walls · curves = elevation contours. ◆ gold · ⬟ stone · ● berries · ✦ relic · ◌ wall gap
Your base· Open — unwalled flank
Penéfago's base· ✓ Closed at 22:29 · 52t walls · 2 gate(s)
Smoothed initial terrain · ◌ = detected wall gap · hover for details
Inputs per minute
— YAYA - - Penéfago
Build order — YAYA
116 actions detected in the replay
| 0:01 | Queue | Villager (Male) ×4 |
| 0:02 | Build | House |
| 0:04 | Build | House |
| 1:28 | Queue | Villager (Male) |
| 2:03 | Queue | Villager (Male) |
| 2:03 | Queue | Villager (Male) |
| 2:24 | Queue | Villager (Male) |
| 2:24 | Queue | Villager (Male) |
| 2:33 | Build | House |
| 2:51 | Queue | Villager (Male) |
| 2:52 | Queue | Villager (Male) |
| 3:23 | Queue | Villager (Male) |
| 3:23 | Queue | Villager (Male) |
| 3:23 | Queue | Villager (Male) |
| 3:43 | Research | Loom |
| 3:53 | Build | Mill |
| 3:56 | Queue | Villager (Male) |
| 3:56 | Queue | Villager (Male) |
| 4:09 | Queue | Villager (Male) |
| 4:09 | Queue | Villager (Male) |
| 4:52 | Queue | Villager (Male) |
| 4:53 | Queue | Villager (Male) |
| 5:40 | Build | House |
| 6:06 | Queue | Villager (Male) |
| 6:07 | Queue | Villager (Male) |
| 6:39 | Build | Lumber Camp |
| 6:42 | Queue | Villager (Male) |
| 6:43 | Queue | Villager (Male) |
| 7:39 | Build | House |
| 8:09 | Build | Palisade Wall |
| 8:27 | Queue | Villager (Male) |
| 8:27 | Queue | Villager (Male) |
| 8:40 | Build | Palisade Wall |
| 9:07 | Build | Mining Camp |
| 9:19 | Research | Feudal Age |
| 9:54 | Build | Palisade Wall |
| 9:56 | Build | Palisade Wall |
| 10:04 | Build | Mill |
| 10:38 | Build | Farm |
| 11:12 | Queue | Villager (Male) |
| 11:12 | Queue | Villager (Male) |
| 11:29 | Age | Feudal Age |
| 11:42 | Build | Market |
| 12:03 | Build | Stone Wall |
| 12:13 | Build | Stone Wall |
| 12:16 | Build | Blacksmith |
| 12:31 | Build | House |
| 12:38 | Build | Stone Wall |
| 13:06 | Build | House |
| 13:12 | Research | Castle Age |
| 13:42 | Build | Watch Tower |
| 13:48 | Build | Mining Camp |
| 14:40 | Build | Palisade Wall |
| 14:40 | Build | Palisade Wall |
| 15:16 | Build | Watch Tower |
| 15:25 | Queue | Villager (Male) |
| 15:52 | Age | Castle Age |
| 16:05 | Queue | Villager (Male) |
| 16:46 | Build | Siege Workshop |
| 17:16 | Queue | Scorpion |
| 18:31 | Build | Farm |
| 18:44 | Build | Castle |
| 19:50 | Queue | Villager (Male) |
| 20:03 | Build | Farm |
| 20:24 | Queue | Conquistador |
| 20:27 | Build | Farm |
| 20:57 | Queue | Conquistador |
| 21:15 | Build | House |
| 21:23 | Build | House |
| 21:25 | Queue | Villager (Male) |
| 21:28 | Queue | Conquistador |
| 21:43 | Build | Monastery |
| 21:52 | Build | Farm |
| 22:06 | Queue | Conquistador |
| 22:24 | Build | Farm |
| 22:34 | Queue | Conquistador |
| 22:42 | Queue | Villager (Male) |
| 22:51 | Queue | Missionary |
| 23:00 | Build | Farm |
| 23:01 | Queue | Villager (Male) |
| 23:13 | Build | Farm |
| 23:37 | Queue | Conquistador |
| 24:06 | Queue | Mangonel |
| 24:16 | Build | Farm |
| 24:17 | Queue | Villager (Male) |
| 24:33 | Queue | Missionary |
| 24:48 | Build | Farm |
| 25:00 | Research | Double-Bit Axe |
| 25:05 | Queue | Conquistador |
| 25:18 | Research | Horse Collar |
| 25:56 | Research | Padded Archer Armor |
| 26:00 | Queue | Mangonel |
| 26:46 | Queue | Conquistador |
| 26:47 | Queue | Conquistador |
| 27:12 | Queue | Conquistador |
| 27:59 | Queue | Conquistador |
| 28:07 | Build | Barracks |
| 28:09 | Queue | Scorpion |
| 28:19 | Research | Wheelbarrow |
| 28:35 | Queue | Conquistador |
| 29:07 | Build | Stable |
| 29:08 | Queue | Conquistador |
| 29:23 | Build | Lumber Camp |
| 29:26 | Queue | Villager (Male) |
| 29:58 | Research | Bloodlines |
| 29:59 | Queue | Conquistador |
| 30:03 | Build | Farm |
| 30:15 | Queue | Conquistador |
| 30:44 | Queue | Villager (Male) |
| 30:48 | Queue | Mangonel |
| 31:00 | Queue | Conquistador |
| 31:23 | Queue | Conquistador |
| 31:29 | Queue | Villager (Male) |
| 31:41 | Queue | Villager (Male) |
| 32:16 | Queue | Conquistador |
| 32:16 | Queue | Conquistador |
Build order — Penéfago
First 150 of 243 actions detected
| 0:00 | Queue | Villager (Male) |
| 0:00 | Queue | Villager (Male) |
| 0:00 | Queue | Villager (Male) |
| 0:01 | Queue | Villager (Male) |
| 0:02 | Build | House |
| 0:03 | Build | House |
| 1:25 | Queue | Villager (Male) |
| 1:25 | Queue | Villager (Male) |
| 1:59 | Build | Lumber Camp |
| 2:00 | Queue | Villager (Male) |
| 2:13 | Queue | Villager (Male) |
| 2:13 | Queue | Villager (Male) |
| 2:56 | Queue | Villager (Male) |
| 2:56 | Queue | Villager (Male) |
| 3:00 | Queue | Villager (Male) |
| 3:01 | Queue | Villager (Male) |
| 3:06 | Build | House |
| 3:45 | Queue | Villager (Male) |
| 3:45 | Queue | Villager (Male) |
| 3:51 | Build | House |
| 4:26 | Queue | Villager (Male) |
| 4:26 | Queue | Villager (Male) |
| 4:33 | Queue | Villager (Male) |
| 4:34 | Queue | Villager (Male) |
| 4:56 | Queue | Villager (Male) |
| 5:21 | Queue | Villager (Male) |
| 5:34 | Build | Mill |
| 5:59 | Queue | Villager (Male) |
| 5:59 | Research | Loom |
| 6:54 | Research | Feudal Age |
| 7:52 | Queue | Villager (Male) |
| 7:55 | Build | Barracks |
| 8:15 | Queue | Villager (Male) |
| 9:03 | Build | Palisade Gate |
| 9:05 | Build | Palisade Gate |
| 9:06 | Age | Feudal Age |
| 9:16 | Build | Archery Range |
| 9:21 | Queue | Spearman |
| 9:27 | Queue | Villager (Male) |
| 9:45 | Queue | Villager (Male) |
| 10:07 | Build | House |
| 10:09 | Research | Double-Bit Axe |
| 10:16 | Queue | Archer |
| 10:17 | Queue | Archer |
| 10:17 | Queue | Archer |
| 10:17 | Queue | Archer |
| 10:50 | Queue | Villager (Male) |
| 10:51 | Queue | Villager (Male) |
| 10:51 | Queue | Villager (Male) |
| 10:51 | Queue | Villager (Male) |
| 10:51 | Queue | Villager (Male) |
| 10:51 | Queue | Villager (Male) |
| 10:54 | Build | Mining Camp |
| 11:09 | Build | Watch Tower |
| 11:28 | Queue | Villager (Male) |
| 11:28 | Queue | Villager (Male) |
| 11:32 | Build | House |
| 11:33 | Build | Palisade Wall |
| 11:34 | Build | Palisade Wall |
| 11:42 | Queue | Villager (Male) |
| 11:49 | Build | Mill |
| 12:05 | Queue | Villager (Male) |
| 12:28 | Queue | Villager (Male) |
| 12:41 | Queue | Villager (Male) |
| 12:47 | Queue | Archer |
| 12:48 | Queue | Archer |
| 13:13 | Build | Mining Camp |
| 13:13 | Queue | Villager (Male) |
| 13:30 | Build | Watch Tower |
| 13:34 | Build | House |
| 13:40 | Build | House |
| 14:04 | Queue | Villager (Male) |
| 14:07 | Build | House |
| 14:08 | Build | House |
| 14:11 | Queue | Villager (Male) |
| 14:25 | Build | Watch Tower |
| 14:29 | Queue | Villager (Male) |
| 14:31 | Research | Town Watch |
| 14:32 | Queue | Villager (Male) |
| 14:42 | Build | Stone Wall |
| 14:47 | Build | Stone Wall |
| 14:48 | Queue | Villager (Male) |
| 14:49 | Queue | Villager (Male) |
| 15:12 | Queue | Villager (Male) |
| 15:50 | Build | Lumber Camp |
| 15:55 | Queue | Villager (Male) |
| 16:01 | Build | Stone Wall |
| 16:09 | Build | Stone Wall |
| 16:09 | Build | Stone Wall |
| 16:11 | Build | Stone Wall |
| 16:24 | Queue | Villager (Male) |
| 16:42 | Build | Mill |
| 16:45 | Build | Blacksmith |
| 16:48 | Build | Stone Wall |
| 16:53 | Queue | Villager (Male) |
| 17:08 | Build | Farm |
| 17:09 | Build | Farm |
| 17:13 | Build | Farm |
| 17:13 | Build | Farm |
| 17:13 | Build | Farm |
| 17:13 | Build | Farm |
| 17:16 | Queue | Villager (Male) |
| 17:16 | Queue | Villager (Male) |
| 17:38 | Build | Farm |
| 17:39 | Build | Farm |
| 17:45 | Build | Stone Wall |
| 17:46 | Build | Stone Wall |
| 17:46 | Build | Stone Wall |
| 17:47 | Build | Stone Wall |
| 17:48 | Build | Stone Wall |
| 17:50 | Build | Farm |
| 18:05 | Queue | Villager (Male) |
| 18:09 | Queue | Archer |
| 18:09 | Queue | Archer |
| 18:14 | Build | Farm |
| 18:33 | Build | House |
| 18:47 | Build | Stone Wall |
| 19:03 | Queue | Villager (Male) |
| 19:05 | Build | Farm |
| 19:07 | Build | Farm |
| 19:26 | Queue | Archer |
| 19:31 | Queue | Villager (Male) |
| 19:35 | Build | Farm |
| 19:45 | Research | Castle Age |
| 19:45 | Research | Castle Age |
| 19:57 | Queue | Archer |
| 20:03 | Build | House |
| 20:19 | Build | Stone Wall |
| 20:22 | Build | House |
| 20:23 | Build | House |
| 20:29 | Queue | Villager (Male) |
| 20:35 | Build | Lumber Camp |
| 20:37 | Build | House |
| 20:38 | Build | House |
| 20:38 | Build | House |
| 20:41 | Research | Fletching |
| 20:46 | Build | Farm |
| 20:47 | Queue | Villager (Male) |
| 20:56 | Build | Farm |
| 21:02 | Queue | Villager (Male) |
| 21:11 | Research | Padded Archer Armor |
| 21:13 | Queue | Archer |
| 21:14 | Queue | Archer |
| 21:31 | Build | Farm |
| 21:47 | Build | House |
| 21:49 | Build | House |
| 21:51 | Queue | Villager (Male) |
| 22:09 | Queue | Villager (Male) |
| 22:18 | Build | Farm |
| 22:27 | Queue | Archer |
Match timeline
| 7:55 | Penéfago · first_building Barracks |
| 8:09 | YAYA · wall_segment Palisade Wall x20 |
| 8:40 | YAYA · wall_segment Palisade Wall x4 |
| 9:06 | Penéfago · age_up feudal |
| 9:16 | Penéfago · first_building Archery Range |
| 9:54 | YAYA · wall_segment Palisade Wall x5 |
| 9:56 | YAYA · wall_segment Palisade Wall x2 |
| 11:29 | YAYA · age_up feudal |
| 11:33 | Penéfago · wall_segment Palisade Wall x4 |
| 11:34 | Penéfago · wall_segment Palisade Wall x1 |
| 12:03 | YAYA · wall_segment Stone Wall x2 |
| 12:13 | YAYA · wall_segment Stone Wall x1 |
| 12:38 | YAYA · wall_segment Stone Wall x1 |
| 14:40 | YAYA · wall_segment Palisade Wall x1 |
| 14:40 | YAYA · wall_segment Palisade Wall x1 |
| 14:42 | Penéfago · wall_segment Stone Wall x9 |
| 14:47 | Penéfago · wall_segment Stone Wall x14 |
| 15:52 | YAYA · age_up castle |
| 16:01 | Penéfago · wall_segment Stone Wall x8 |
| 16:09 | Penéfago · wall_segment Stone Wall x1 |
| 16:09 | Penéfago · wall_segment Stone Wall x1 |
| 16:11 | Penéfago · wall_segment Stone Wall x3 |
| 16:46 | YAYA · first_building Siege Workshop |
| 16:48 | Penéfago · wall_segment Stone Wall x5 |
| 17:14 | YAYA · first_market_sell 100 stone |
| 17:45 | Penéfago · wall_segment Stone Wall x1 |
| 17:46 | Penéfago · wall_segment Stone Wall x1 |
| 17:46 | Penéfago · wall_segment Stone Wall x1 |
| 17:47 | Penéfago · wall_segment Stone Wall x1 |
| 17:48 | Penéfago · wall_segment Stone Wall x1 |
| 18:44 | YAYA · first_building Castle |
| 18:47 | Penéfago · wall_segment Stone Wall x8 |
| 20:19 | Penéfago · wall_segment Stone Wall x2 |
| 21:43 | YAYA · first_building Monastery |
| 22:29 | Penéfago · age_up castle |
| 28:06 | Penéfago · first_building Siege Workshop |
| 28:07 | YAYA · first_building Barracks |
| 28:43 | YAYA · first_market_buy 100 wood |
| 29:07 | YAYA · first_building Stable |
| 30:35 | Penéfago · first_building Monastery |
| 32:24 | Penéfago · age_up imperial |
| 32:30 | YAYA · resign |
[ AI ANALYSIS · 1 CREDIT ]
What really happened in this match?
Wolo.gg analyzes every decision: build order, eco, micro, common mistakes by bracket. Personalized analysis on WhatsApp or Discord in 30 seconds.
Civ guide
Spanish
Perfil
Jugador #11964270